 Dungeon Crawl Stone Soup version 0.30-a0-1176-gcdfb0321a8 (webtiles) character file.

Game seed: 14947621598239025654

5214 Dadi the Thaumaturge (level 10, 0/53 HPs)
             Began as a Deep Elf Conjurer on Apr 30, 2023.
             Was a Believer of Vehumet.
             Slain by an orc warrior
             ... wielding a +0 halberd
              (11 damage)
             ... on level 10 of the Dungeon.
             The game lasted 00:42:15 (13309 turns).

Dadi the Thaumaturge (Deep Elf Conjurer)           Turns: 13309, Time: 00:42:16

Health: 0/53       AC: 11    Str:  4    XL:     10   Next: 35%
Magic:  2/27       EV: 15    Int: 28    God:    Vehumet [**....]
Gold:   520        SH:  5    Dex: 13    Spells: 17/31 levels left

rFire   . . .        k - +3 whip (spect)
rCold   . . .        (no shield)
rNeg    + . .        a - +1 robe
rPois   .            (no helmet)
rElec   .            (no cloak)
rCorr   .            l - +0 pair of gloves
SInv    .            v - +2 pair of boots {Fly}
Will    +....        q - amulet of reflection
Stlth   ++           c - +4 ring of protection
HPRegen 0.28/turn    B - ring of positive energy
MPRegen 0.20/turn

%: reflection
@: flying
A: no striking features
a: Renounce Religion


You were on level 10 of the Dungeon.
You worshipped Vehumet.
Vehumet was pleased with you.
You visited 2 branches of the dungeon, and saw 11 of its levels.
You also visited: Bailey.

You collected 520 gold pieces.

Inventory:

Hand Weapons
 k - a +3 spectral whip (weapon)
Armour
 a - a +1 robe (worn)
 l - a +0 pair of gloves (worn)
 v - a +2 pair of boots of flying (worn)
 F - a +0 troll leather armour
Jewellery
 c - a +4 ring of protection (left hand)
 q - an amulet of reflection (around neck)
 r - a +6 ring of dexterity
 A - a ring of ice
 B - a ring of positive energy (right hand)
Wands
 n - a wand of light (15)
 w - a wand of flame (11)
 y - a wand of roots (14)
 C - a wand of mindburst (10)
 G - a wand of polymorph (6)
Scrolls
 d - 2 scrolls of blinking
 f - 2 scrolls of enchant weapon
 h - a scroll of teleportation
 o - 2 scrolls of identify
 t - a scroll of immolation {unknown}
 u - 2 scrolls of enchant armour
 x - a scroll of fear
 D - 2 scrolls of amnesia {unknown}
 E - a scroll of fog {unknown}
 H - a scroll of magic mapping {unknown}
Potions
 e - a potion of berserk rage
 g - a potion of cancellation {unknown}
 i - 6 potions of flight
 j - 3 potions of lignification {unknown}
 m - 3 potions of curing {unknown}
 p - 12 potions of degeneration
 s - a potion of attraction {unknown}
 z - a potion of brilliance


   Skills:
 - Level 2.0 Fighting
 - Level 7.0 Dodging
 - Level 2.4 Stealth
 + Level 11.0 Spellcasting
 - Level 7.1 Conjurations
 + Level 9.1 Hexes
 - Level 7.0 Necromancy
 - Level 5.0 Evocations


You had 17 spell levels left.
You knew the following spells:

 Your Spells              Type           Power      Damage    Failure   Level
a - Magic Dart            Conj           100%       1d8       1%          1
b - Searing Ray           Conj           100%       2d8       1%          2
c - Dazzling Flash        Conj/Hex       100%       N/A       1%          3
d - Cause Fear            Hex            30%        N/A       1%          4
e - Anguish               Hex/Necr       28%        N/A       1%          4

Your spell library contained the following spells:

 Spells                   Type           Power      Damage    Failure   Level
 Static Discharge         Conj/Air       70%        2-5/arc   1%          2
 Fulminant Prism          Conj/Hex       28%        3d14      1%          4
 Iskenderun's Mystic Bla  Conj/Tloc      35%        2d8       9%          4
 Enfeeble                 Hex            30%        N/A       56%         7
 Conjure Ball Lightning   Conj/Air       17%        3x3d6     77%         6
 Discord                  Hex            30%        N/A       99%         8
 Disjunction              Tloc           7%         N/A       100%        8


Dungeon Overview and Level Annotations

Branches:
Dungeon (10/15)            Temple (1/1) D:4          Bailey (visited)
   Lair: D:8-11         Orc: D:9-12

Altars:
Ashenzari
Cheibriados
Dithmenos
Elyvilon
Fedhas
Gozag
Hepliaklqana
Kikubaaqudgha
Makhleb
Nemelex Xobeh
Qazlal
Ru
Sif Muna
Trog
Uskayaw
Vehumet
Wu Jian
Xom
Yredelemnul
Zin
The Shining One

Annotations:
D:3 Blork the orc
D:5 Pikel, Prince Ribbit, Sigmund
D:7 Maggie
D:8 Gastronok
D:9 Amaemon, Erolcha
Temple 2 transporters


Message History

The magic dart hits the orc warrior but does no damage.
Casting: Magic Dart (safe; 1% risk of failure)
Confirm with . or Enter, or press ? or * to list all spells.
You can't see any susceptible monsters within range! (Use Z to cast anyway.)
Aiming: Magic Dart (safe; 1% risk of failure)
Press: ? - help, Q - select action, (/) - cycle Shift-Dir - straight line, f/p - orc warrior
Aim: an orc warrior, wielding a +0 halberd and wearing a +2 plate armour of willpower (100% to hit)
The magic dart hits the orc warrior but does no damage.
Casting: Magic Dart (safe; 1% risk of failure)
Confirm with . or Enter, or press ? or * to list all spells.
Aiming: Searing Ray (safe; 1% risk of failure)
Press: ? - help, Shift-Dir - straight line, f/p - orc warrior
Aim: an orc warrior, wielding a +0 halberd and wearing a +2 plate armour of willpower (83% to hit)
The searing ray hits the orc warrior.
The orc warrior is lightly wounded. (Press . to maintain the ray.)
The searing ray hits the orc warrior.
The orc warrior is lightly wounded.
Casting: Searing Ray (safe; 1% risk of failure)
Confirm with . or Enter, or press ? or * to list all spells.
Casting: Cause Fear (dangerous; 1% risk of failure)
Press: ? - help, Dir - look around, f - activate The orc warrior resists with some effort.
The orc warrior hits you from afar with a +0 halberd.
Casting: Cause Fear (dangerous; 1% risk of failure)
Confirm with . or Enter, or press ? or * to list all spells.
Casting: Cause Fear (dangerous; 1% risk of failure)
Press: ? - help, Dir - look around, f - activate The orc warrior resists with some effort.
The orc warrior hits you from afar with a +0 halberd.
* * * LOW HITPOINT WARNING * * *
Casting: Cause Fear (dangerous; 1% risk of failure)
Confirm with . or Enter, or press ? or * to list all spells.
Casting: Cause Fear (dangerous; 1% risk of failure)
Press: ? - help, Dir - look around, f - activate The orc warrior resists with some effort.
The orc warrior hits you from afar with a +0 halberd.
* * * LOW HITPOINT WARNING * * *
The orc warrior hits you from afar with a +0 halberd!
You die...

.## ... .. ..
#########.# #
#.......#.##.#
#....o.@#..l.#
.o.........'....#
...)#.......#....#
...o.#.......#....#
.... #.......#).).#
.... #.......#)...#
#.# +..######....#
#.. ....# #. .#..#


You could see an orc warrior.

Vanquished Creatures
  A two-headed ogre (D:7)
  A hornet (D:8)
  2 wyverns
  5 yaks
  3 ice beasts
  7 orc warriors
  An ogre (D:6)
  A centaur (D:9)
  2 lemures (D:4)
  A phantom (D:5)
  A kobold brigand (D:8)
  4 bullfrogs
  A scorpion (D:4)
  A gnoll sergeant (D:7)
  11 wights
  5 killer bees (D:9)
  4 electric eels (D:8)
  A jelly (D:5)
  3 hounds
  2 orc priests
  3 iguanas
  6 orc wizards
  6 gnolls (D:7)
  5 adders
  A white imp (D:5)
  An ufetubus (D:4)
  A worm (D:3)
  6 dart slugs
  20 orcs
  5 endoplasms
  6 giant cockroaches
  9 goblins
  13 hobgoblins
  8 jackals
  5 quokkas
  6 ball pythons
  2 bats
  2 frilled lizards
  20 kobolds
  7 rats
189 creatures vanquished.

Vanquished Creatures (others)
  A troll (D:9)
  An orc (D:8)
  44 plants (D:8)
46 creatures vanquished.

Grand Total: 235 creatures vanquished

Notes
Turn   | Place    | Note
-------+----------+-------------------------------------------
     0 | D:1      | Dadi the Deep Elf Conjurer began the quest for the Orb.
     0 | D:1      | Reached XP level 1. HP: 10/10 MP: 6/6
   151 | D:1      | Reached XP level 2. HP: 7/15 MP: 0/8
   564 | D:1      | Reached skill level 4 in Spellcasting
   569 | D:1      | Reached skill level 5 in Conjurations
   569 | D:1      | Reached XP level 3. HP: 19/19 MP: 2/10
  1276 | D:2      | Reached XP level 4. HP: 21/24 MP: 4/12
  1349 | D:2      | Learned a level 2 spell: Searing Ray
  1353 | D:2      | Learned a level 3 spell: Dazzling Flash
  2069 | D:3      | Reached skill level 5 in Spellcasting
  2069 | D:3      | Reached skill level 1 in Hexes
  2222 | D:3      | Noticed a black bear
  2659 | D:3      | Reached XP level 5. HP: 23/28 MP: 6/14
  3314 | D:4      | Found an ancient bone altar of Kikubaaqudgha.
  3335 | D:4      | Reached XP level 6. HP: 32/32 MP: 7/16
  3811 | D:4      | Found a staircase to the Ecumenical Temple.
  3814 | D:4      | Noticed Blork the orc
  3949 | Temple   | Entered the Ecumenical Temple
  3949 | Temple   | Found a transporter.
  3949 | Temple   | Found a transporter.
  3951 | Temple   | Found a transporter.
  3951 | Temple   | Found a transporter.
  3980 | Temple   | Became a worshipper of Vehumet
  4138 | D:5      | Entered Level 5 of the Dungeon
  4147 | D:5      | Reached skill level 6 in Spellcasting
  4413 | D:5      | Noticed Pikel
  5022 | D:5      | Reached XP level 7. HP: 36/36 MP: 12/18
  5098 | D:5      | Noticed Prince Ribbit
  5493 | D:6      | Identified the +1 leather armour of Ignis's Inspiration
                  | {Drain Str+3 Int+3}
  6445 | D:5      | Noticed Sigmund
  6496 | D:7      | Reached skill level 5 in Dodging
  6597 | D:7      | Noticed Maggie
  6739 | D:7      | Reached skill level 7 in Spellcasting
  6839 | D:7      | Found a shimmering blue altar of Sif Muna.
  6839 | D:7      | Found a hazy altar of Hepliaklqana.
  6913 | D:7      | Reached skill level 5 in Hexes
  6966 | D:7      | Found a flagged portal.
  6979 | Bailey   | Entered a bailey
  7184 | Bailey   | Learned a level 4 spell: Cause Fear
  7305 | Bailey   | Reached XP level 8. HP: 39/41 MP: 7/20
  7435 | Bailey   | Reached skill level 1 in Evocations
  7607 | Bailey   | Reached skill level 1 in Necromancy
  8466 | D:7      | Learned a level 4 spell: Anguish
  8564 | D:7      | Noticed a two-headed ogre
  8691 | D:7      | Killed a two-headed ogre
  8692 | D:7      | Reached XP level 9. HP: 28/45 MP: 1/22
  9384 | D:8      | Reached skill level 1 in Fighting
  9544 | D:8      | Reached * piety under Vehumet
  9544 | D:8      | Offered knowledge of Shock by Vehumet.
  9809 | D:8      | Noticed Gastronok
  9998 | D:8      | Paralysed by a hornet for 3 turns
 10003 | D:8      | Reached skill level 8 in Spellcasting
 10655 | D:9      | Reached skill level 9 in Spellcasting
 10786 | D:9      | Reached skill level 5 in Evocations
 10842 | D:9      | Noticed a troll
 10903 | D:9      | Reached XP level 10. HP: 26/53 MP: 12/25
 11075 | D:9      | Reached skill level 10 in Spellcasting
 11648 | D:9      | Noticed Amaemon
 11759 | D:8      | Offered knowledge of Static Discharge by Vehumet.
 12302 | D:9      | Reached ** piety under Vehumet
 13144 | D:9      | Noticed Erolcha
 13204 | D:9      | Noticed an orange demon
 13242 | D:10     | Entered Level 10 of the Dungeon
 13297 | D:10     | Reached skill level 11 in Spellcasting
 13309 | D:10     | Slain by an orc warrior

Illustrated notes

Levels and vault maps discovered:
D:1:      lemuel_arrival_river_bridge, layout_rooms
D:2:      layout_basic
D:3:      layout_basic
D:4:      layout_basic, mainiacjoe_overflow_tiny_flanked,
          minmay_temple_entry_junction_2, uniq_blork_the_orc
D:5:      layout_gridville, uniq_crazy_yiuf_cottage, uniq_sigmund, uniq_pikel,
          uniq_prince_ribbit1
D:6:      layout_cave_pods, minivault_27, minivault_1
D:7:      layout_rooms, gammafunk_temple_overflow_pools, enter_bailey_7,
          uniq_maggie
D:8:      layout_basic, serial_bayou, serial_bayou_lagoon_a,
          serial_bayou_shore_b, serial_bayou_pond_e, serial_bayou_lagoon_b,
          serial_bayou_ford_a, serial_bayou_pond_e, uniq_gastronok
D:9:      layout_basic, uniq_erolcha, uniq_amaemon
D:10:     layout_stronghold, erik_lair_island, david_orc_3, uniq_urug
Temple:   hellmonk_temple_divided_pantheon

Skill      XL: |  1  2  3  4  5  6  7  8  9 10 |
---------------+-------------------------------+-----
Spellcasting   | 4 5 6 7 9 11 | 11.0
Conjurations   | 5 6 7 |  7.1
Hexes          | 1 2 3 5 7 9 |  9.1
Dodging        | 3 4 5 6 7 |  7.0
Evocations     | 1 5 |  5.0
Necromancy     | 6 7 |  7.0
Fighting       | 2 |  2.0
Stealth        | |  2.4

Action                     |  1- 3 |  4- 6 |  7- 9 | 10-12 || total
---------------------------+-------+-------+-------+-------++-------
  Melee: Whip              |    11 |     1 |       |     3 ||    15
   Cast: Magic Dart        |    71 |   132 |   214 |    69 ||   486
         Searing Ray       |       |     8 |    52 |    19 ||    79
         Dazzling Flash    |       |     2 |       |       ||     2
         Cause Fear        |       |       |     4 |    12 ||    16
         Anguish           |       |       |     1 |     1 ||     2
    Use: Scroll            |       |       |    11 |       ||    11
         Potion            |       |       |       |     1 ||     1
 Armour: Robe              |    18 |     9 |    24 |    16 ||    67
  Dodge: Dodged            |    30 |    36 |    37 |    24 ||   127
  Block: Other             |       |     7 |    14 |    17 ||    38
         Reflection        |       |       |     4 |     1 ||     5

Table legend: (Time is in decaauts)
 A = Elapsed time spent in this place.
 B = Non-inter-level travel time spent in this place.
 C = Inter-level travel time spent in this place.
 D = Time resting spent in this place.
 E = Time spent auto-exploring this place.
 F = Levels seen in this place.
 G = Mean time per level.
                   A        B        C        D        E       F      G
               +--------+--------+--------+--------+--------+-----+--------+
         Total |  13341 |  12448 |    893 |   3532 |   6408 |  12 | 1111.8 |
       Dungeon |  11673 |  10790 |    883 |   2560 |   6289 |  10 | 1167.3 |
        Temple |    183 |    173 |     10 |    119 |      5 |   1 |  183.0 |
        Bailey |   1485 |   1485 |      0 |    853 |    114 |   1 | 1485.0 |
               +--------+--------+--------+--------+--------+-----+--------+

Top non-repeatable levels by time:
     D:9: 2044 daAuts
     D:8: 1845 daAuts
  Bailey: 1485 daAuts
     D:4: 1398 daAuts
     D:7: 1264 daAuts
     D:6: 1193 daAuts
     D:2: 1123 daAuts
     D:3: 1087 daAuts
     D:1: 1001 daAuts
     D:5: 647 daAuts
  Temple: 183 daAuts
    D:10: 67 daAuts
